 Dungeon Crawl Stone Soup version 0.28-a0-241-gfbb0926a3a (webtiles) character file.

Game seed: 188788378349701648

26418 Froggeryz the Severer (level 12, -10/109 HPs)
             Began as a Deep Dwarf Gladiator on Aug 24, 2021.
             Was a High Priest of Makhleb.
             Mangled by a black mamba (11 damage)
             ... on level 5 of the Lair of Beasts.
             The game lasted 00:18:53 (9774 turns).

Froggeryz the Severer (Deep Dwarf Gladiator)        Turns: 9774, Time: 00:18:54

Health: -10/109    AC:  8    Str: 28    XL:     12   Next: 98%
Magic:  5/5        EV: 11    Int:  9    God:    Makhleb [*****.]
Gold:   1723       SH: 11    Dex: 15    Spells: 11/11 levels left

rFire   + . .      SeeInvis .   v - +2 broad axe (drain)
rCold   . . .      Faith    .   s - +1 buckler
rNeg    . . .      Spirit   .   k - +0 scale mail
rPois   .          Reflect  +   c - +0 helmet
rElec   +          Harm     .   (no cloak)
rCorr   .          Rampage  .   (no gloves)
Will    +....                   (no boots)
Stlth   ..........              w - amulet of reflection
HPRegen 0.00/turn               z - +6 ring of strength
MPRegen 0.09/turn               B - ring "Gelugg" {rElec rF+}

@: lethally poisoned (-10 -> -12), frozen, very slow
A: damage resistance, heal wounds, sense surroundings 2, no regeneration
a: Heal Wounds, Renounce Religion, Minor Destruction, Lesser Servant of Makhleb,
Major Destruction, Greater Servant of Makhleb


You were on level 5 of the Lair of Beasts.
You worshipped Makhleb.
Makhleb was extremely pleased with you.
You visited 4 branches of the dungeon, and saw 15 of its levels.

You collected 1835 gold pieces.
You spent 112 gold pieces at shops.

Inventory:

Hand Weapons
 v - a +2 broad axe of draining (weapon)
Missiles
 d - 5 throwing nets
 o - 11 boomerangs (quivered)
 r - 8 silver boomerangs
Armour
 c - a +0 helmet (worn)
 k - a +0 scale mail (worn)
 s - a +1 buckler (worn)
Jewellery
 m - a ring of fire
 w - an amulet of reflection (around neck)
 z - a +6 ring of strength (left hand)
 B - the ring "Gelugg" (right hand) {rElec rF+}
   (You acquired it on level 5 of the Dungeon)

   [ring of protection from fire]

   rF:        It protects you from fire.
   rElec:     It insulates you from electricity.
 I - a ring of positive energy
Wands
 q - a wand of acid (3)
 t - a wand of flame (17)
 x - a wand of digging (8)
 D - a wand of mindburst (1)
Scrolls
 b - 5 scrolls of teleportation
 l - 2 scrolls of enchant armour
 y - 2 scrolls of magic mapping
Potions
 a - a potion of resistance {unknown}
 e - a potion of invisibility
 f - a potion of mutation
 g - a potion of attraction
 h - a potion of brilliance
 i - 4 potions of magic
 j - 2 potions of curing
 n - 2 potions of heal wounds {unknown}
 p - 2 potions of lignification
 A - 6 potions of haste
 C - 2 potions of flight
 E - a potion of ambrosia
 G - a potion of degeneration {unknown}
 H - a potion of might {unknown}
 J - a potion of cancellation


   Skills:
 - Level 7.0 Fighting
 * Level 18.2 Axes
 + Level 7.6 Throwing
 - Level 6.2 Armour
 - Level 3.2 Dodging
 - Level 5.2 Shields


You had 11 spell levels left.
You didn't know any spells.
Your spell library contained the following spells:

 Spells                   Type           Power      Damage    Failure   Level
 Animate Dead             Necr           0%         N/A       100%        4
 Borgnjor's Vile Clutch   Necr/Erth      0%         N/A       100%        5
 Death Channel            Necr           0%         N/A       100%        6


Dungeon Overview and Level Annotations

Branches:
Dungeon (8/15)             Temple (1/1) D:6            Lair (5/6) D:8
 Shoals (0/4) Lair:4       Spider (1/4) Lair:3
  Slime: Lair:5-6

Altars:
Ashenzari
Cheibriados
Dithmenos
Elyvilon
Fedhas
Gozag
Hepliaklqana
Kikubaaqudgha
Makhleb
Nemelex Xobeh
Okawaru
Qazlal
Ru
Sif Muna
Trog
Uskayaw
Vehumet
Wu Jian
Xom
Yredelemnul
Zin
The Shining One

Shops:
D:4 [(

Annotations:
D:8 exclusions: oklob plant and oklob sapling


Innate Abilities, Weirdness & Mutations

You are resistant to damage.
You can heal yourself by infusing magical energy.
You passively map the area around you.
You do not regenerate.


Message History

You slice the black mamba!!
The black mamba is severely wounded.
You hit the black mamba.
You feel very sick. The black mamba closely misses you.
You block the black mamba's attack. The black mamba bites you.
You slice the black mamba!!
You kill the black mamba!
Makhleb accepts your kill.
You slash the black mamba!
You feel very sick. The rime drake breathes ice at you.
The flash freeze hits you!
* * * LOW HITPOINT WARNING * * *
You are encased in ice.
The black mamba bites you!
* * * LOW HITPOINT WARNING * * *
You are more poisoned.
The black mamba poisons you!
You feel much better.
* * * LOW HITPOINT WARNING * * *
You feel extremely sick. The black mamba barely misses you.
The black mamba closely misses you.
Okay, then.
You fail to use your ability.
* * * LOW HITPOINT WARNING * * *
You feel extremely sick. The black mamba closely misses you.
The rime drake bites you but does no damage.
Your magical essence is drained by the effort!
You feel much better. The ice encasing you melts away.
You feel extremely sick. You block the black mamba's attack.
The rime drake breathes ice at you. The flash freeze hits you!!
* * * LOW HITPOINT WARNING * * *
You are encased in ice.
The black mamba bites you!
You die...

,
##.................)..≈≈
, , ............(((....
, ≈ ,
............(P(.... ≈ ,
.............((...., , ,
, ,................).. ,
≈≈ ,,,
,................... ,
..................., , ,
, , #.............#... ,
, , ..#..#k@S..........
, ,, .k.# #.##.....####.
,** , , , .. ## #P...##
* ,* * * #.P..#* * , , *
......# * * , ....... ,
* .#....., , , , , ,
##....., , ,, * * ,, * ,
, ,,


You could see a black mamba and a rime drake (catching breath).

Vanquished Creatures
  A boulder beetle (Lair:4)
  4 hydras
  A death yak (Lair:4)
  A wolf spider (Lair:3)
  15 elephants
  2 black mambas
  4 cane toads
  7 komodo dragons
  3 rime drakes
  2 jumping spiders (Lair:3)
  Prince Ribbit (D:7)
  5 blink frogs (Lair:4)
  A snapping turtle (Lair:4)
  A shadow (D:8)
  Sigmund (D:6)
  Eustachio (D:4)
  21 yaks
  4 fire bats (Lair:3)
  A steam dragon (D:8)
  Edmund (D:6)
  14 water moccasins
  A hornet zombie (D:6)
  3 black bears
  An orc warrior (D:7)
  An ice beast (D:5)
  2 sky beasts (D:8)
  2 necrophages
  A centaur (D:5)
  19 wolves
  A phantom (D:7)
  A kobold brigand (D:8)
  Blork the orc (D:5)
  2 scorpions
  15 bullfrogs
  7 wights
  3 howler monkeys (D:7)
  An electric eel (Lair:5)
  A lava snake (Lair:3)
  A bullfrog zombie (D:5)
  A centaur zombie (D:7)
  An orc priest (D:3)
  3 jellies
  5 hounds
  Ijyb (D:4)
  2 iguanas
  10 orc wizards
  A hound skeleton (D:5)
  Robin (D:3)
  A howler monkey zombie (D:5)
  4 gnolls (D:4)
  9 adders
  9 river rats (D:7)
  2 shadow imps
  3 dart slugs
  29 orcs
  10 ball pythons
  3 endoplasms
  2 giant cockroaches
  21 goblins
  12 hobgoblins
  3 jackals
  3 quokkas
  3 training dummies (D:4)
  3 bats
  A frilled lizard (D:2)
  8 kobolds
  14 rats
319 creatures vanquished.

Vanquished Creatures (others)
  A kobold (D:8)
  10 fungi
  19 plants
30 creatures vanquished.

Grand Total: 349 creatures vanquished

Notes
Turn   | Place    | Note
-------+----------+-------------------------------------------
     0 | D:1      | Froggeryz the Deep Dwarf Gladiator began the quest for the
                  | Orb.
     0 | D:1      | Reached XP level 1. HP: 19/19 MP: 1/1
   254 | D:1      | Reached XP level 2. HP: 23/26 MP: 2/2
   381 | D:1      | Reached skill level 1 in Armour
   839 | D:2      | Reached skill level 4 in Axes
   915 | D:2      | Found an iron altar of Okawaru.
  1178 | D:2      | Reached XP level 3. HP: 28/32 MP: 3/3
  1577 | D:3      | Reached XP level 4. HP: 30/39 MP: 4/4
  1658 | D:3      | Reached skill level 5 in Axes
  1663 | D:3      | HP: 1/31 [something/magic dart (3)]
  1816 | D:3      | Reached XP level 5. HP: 14/25 MP: 5/5
  1920 | D:3      | Found a shadowy altar of Dithmenos.
  2034 | D:3      | Noticed a great orb of eyes
  2138 | D:3      | Reached skill level 6 in Axes
  2139 | D:3      | Reached XP level 6. HP: 16/44 MP: 5/5
  2149 | D:3      | Found a faded altar of an unknown god.
  2151 | D:3      | Noticed a shining eye
  2151 | D:3      | Noticed a shining eye
  2151 | D:3      | Noticed a great orb of eyes
  2168 | D:3      | Noticed Robin
  2178 | D:3      | Killed Robin
  2521 | D:4      | Found Meidesko's Antique Armour Emporium.
  2570 | D:4      | Reached skill level 7 in Axes
  2583 | D:4      | Bought a buckler for 112 gold pieces
  2597 | D:4      | Noticed Ijyb
  2670 | D:4      | Killed Ijyb
  2752 | D:4      | Found Dowueq's Firing Range.
  2762 | D:4      | Reached skill level 1 in Shields
  3008 | D:4      | Noticed Eustachio
  3037 | D:4      | Killed Eustachio
  3038 | D:4      | Reached XP level 7. HP: 23/60 MP: 5/5
  3481 | D:5      | Entered Level 5 of the Dungeon
  3508 | D:5      | Reached skill level 8 in Axes
  3678 | D:5      | Identified a scroll of acquirement
  3680 | D:5      | Acquired a +1 vorpal broad axe
  3690 | D:5      | Noticed Blork the orc
  3740 | D:5      | Killed Blork the orc
  3754 | D:5      | Reached skill level 5 in Shields
  3768 | D:5      | Reached XP level 8. HP: 32/67 MP: 6/6
  3941 | D:5      | Acquired 396 gold pieces
  3943 | D:5      | Acquired the ring "Gelugg" {rElec rF+}
  3946 | D:5      | Acquired 878 gold pieces
  4139 | D:6      | Found a staircase to the Ecumenical Temple.
  4203 | Temple   | Entered the Ecumenical Temple
  4285 | Temple   | Became a worshipper of Makhleb the Destroyer
  4334 | D:6      | Noticed Edmund
  4344 | D:6      | Killed Edmund
  4471 | D:6      | Reached skill level 9 in Axes
  4864 | D:6      | Noticed Sigmund
  4871 | D:6      | Killed Sigmund
  5002 | D:7      | Reached skill level 10 in Axes
  5069 | D:7      | Gained mutation: You passively map the area around you.
                  | [Deep Dwarf growth]
  5069 | D:7      | Reached XP level 9. HP: 45/78 MP: 7/7
  5134 | D:7      | Reached * piety under Makhleb
  5267 | D:7      | Noticed Prince Ribbit
  5273 | D:7      | Killed Prince Ribbit
  5274 | D:7      | Reached skill level 5 in Fighting
  5274 | D:7      | Reached skill level 11 in Axes
  5580 | D:7      | Reached ** piety under Makhleb
  5658 | D:8      | Reached skill level 12 in Axes
  5789 | D:8      | Found a staircase to the Lair.
  6059 | D:8      | Noticed an oklob plant
  6091 | D:8      | Reached *** piety under Makhleb
  6327 | Lair:1   | Entered Level 1 of the Lair of Beasts
  6348 | Lair:1   | Reached XP level 10. HP: 68/91 MP: 7/7
  6404 | Lair:1   | Noticed a cane toad
  6412 | Lair:1   | Killed a cane toad
  6413 | Lair:1   | Reached skill level 13 in Axes
  6624 | Lair:1   | Noticed a cane toad
  6637 | Lair:1   | Killed a cane toad
  6648 | Lair:1   | HP: 3/94 [komodo dragon (13)]
  6718 | Lair:1   | Noticed a seven-headed hydra
  6737 | Lair:1   | Killed a seven-headed hydra
  6738 | Lair:1   | Reached skill level 14 in Axes
  6859 | Lair:1   | Reached XP level 11. HP: 64/100 MP: 6/6
  7122 | Lair:2   | Reached skill level 5 in Armour
  7212 | Lair:2   | Reached **** piety under Makhleb
  7316 | Lair:2   | Reached skill level 15 in Axes
  7326 | Lair:2   | Noticed a seven-headed hydra
  7332 | Lair:2   | Killed a seven-headed hydra
  8020 | Lair:3   | Noticed a wolf spider
  8037 | Lair:3   | Killed a wolf spider
  8056 | Lair:3   | Found a hole to the Spider Nest.
  8072 | Lair:3   | Reached skill level 16 in Axes
  8196 | Lair:3   | Noticed an eight-headed hydra
  8389 | Lair:3   | Reached skill level 5 in Throwing
  8440 | Lair:3   | Killed an eight-headed hydra
  8441 | Lair:3   | Reached XP level 12. HP: 72/109 MP: 7/7
  8576 | Lair:3   | Reached ***** piety under Makhleb
  8729 | Spider:1 | Entered Level 1 of the Spider Nest
  8790 | Lair:4   | Noticed a four-headed hydra
  9079 | Lair:4   | Reached skill level 17 in Axes
  9283 | Lair:4   | Found a staircase to the Shoals.
  9387 | Lair:5   | Noticed a boulder beetle
  9533 | Lair:4   | Killed a boulder beetle
  9543 | Lair:4   | Killed a four-headed hydra
  9548 | Lair:5   | Noticed a death yak
  9567 | Lair:4   | Reached skill level 18 in Axes
  9574 | Lair:4   | Killed a death yak
  9771 | Lair:5   | HP: 3/109 [black mamba (13)]
  9774 | Lair:5   | HP: 1/109 [rime drake/flash freeze (25)]
  9774 | Lair:5   | Mangled by a black mamba

Illustrated notes

Levels and vault maps discovered:
D:1:      lightli_arrival_maybe_door_vault, layout_loops_ring,
          wad_woods_river_04
D:2:      layout_basic, basic_altar
D:3:      layout_loops_ring, grunt_dithmenos_smoke,
          hellmonk_ecumenical_altar_watching_god, uniq_robin
D:4:      cheibrodos_greedy_goblins, layout_loops_ring, serial_shops,
          nicolae_shop_window_shopping, grunt_ministairs_11, dk_vineyard_2,
          minmay_misc_feat_alley, nicolae_shop_firing_range, uniq_eustachio,
          uniq_ijyb
D:5:      layout_basic, uniq_blork_the_orc
D:6:      layout_basic, minmay_temple_entry_purple_smoke, uniq_sigmund,
          uniq_edmund
D:7:      layout_cave_pools, minivault_24, serial_park_tiny_1,
          dk_rats_in_the_wall, uniq_prince_ribbit1
D:8:      layout_loops_ring, lair_entry_dummy, introduction_to_nature_1
Temple:   compressed_dpeg_circular_temple
Lair:1:   layout_small_grid, grunt_megastairs_2
Lair:2:   layout_gridlike
Lair:3:   layout_gridlike, spider_nest_entry_funnel_web
Lair:4:   layout_gridlike, minmay_shoals_entry_hut
Lair:5:   layout_layer_cave, lemuel_fruit_fields, serial_bayou_shore_a,
          serial_bayou_shore_b, grunt_megastairs_1, lemuel_fruit_tree,
          infiniplex_staircase_pool
Spider:1: layout_chambers

Skill      XL: |  1  2  3  4  5  6  7  8  9 10 11 12 |
---------------+-------------------------------------+-----
Fighting       | 2 4 6 7 |  7.0
Armour         | 1 2 4 6 |  6.2
Axes           | 4 5 6 7 8 10 12 14 16 18 | 18.2
Throwing       | 2 3 5 7 |  7.6
Shields        | 2 5 |  5.2
Dodging        | |  3.2

Action                   |  1- 3 |  4- 6 |  7- 9 | 10-12 || total
-------------------------+-------+-------+-------+-------++-------
Melee: War axe           |    78 |   198 |    41 |       ||   317
       Broad axe         |       |       |   264 |   422 ||   686
Throw: Boomerang         |       |     2 |       |    19 ||    21
 Abil: Heal Wounds       |       |     6 |     7 |    23 ||    36
Evoke: Wand              |       |       |     1 |    33 ||    34
  Use: Potion            |       |     4 |     1 |     1 ||     6
       Scroll            |       |       |    16 |     7 ||    23
 Stab: Sleeping          |     1 |       |       |       ||     1
Armor: Leather armour    |     8 |       |       |       ||     8
       Ring mail         |     4 |       |       |       ||     4
       Scale mail        |    23 |    91 |    94 |    90 ||   298
Dodge: Dodged            |    51 |   121 |   100 |   182 ||   454
Block: Buckler           |       |       |   114 |   224 ||   338
       Reflection        |       |       |     3 |     2 ||     5

Table legend: (Time is in decaauts)
 A = Elapsed time spent in this place.
 B = Non-inter-level travel time spent in this place.
 C = Inter-level travel time spent in this place.
 D = Time resting spent in this place.
 E = Time spent auto-exploring this place.
 F = Levels seen in this place.
 G = Mean time per level.
                   A        B        C        D        E       F      G
               +--------+--------+--------+--------+--------+-----+--------+
         Total |   9822 |   9184 |    638 |    201 |   6459 |  15 |  654.8 |
       Dungeon |   6334 |   5947 |    387 |     95 |   4325 |   8 |  791.8 |
        Temple |    100 |     74 |     26 |      0 |     55 |   1 |  100.0 |
          Lair |   3385 |   3160 |    225 |    106 |   2078 |   5 |  677.0 |
   Spider Nest |      1 |      1 |      0 |      0 |      0 |   1 |    1.0 |
               +--------+--------+--------+--------+--------+-----+--------+

Top non-repeatable levels by time:
     D:4: 1159 daAuts
     D:3: 950 daAuts
  Lair:3: 924 daAuts
     D:6: 784 daAuts
  Lair:2: 784 daAuts
  Lair:1: 783 daAuts
     D:1: 765 daAuts
     D:8: 732 daAuts
  Lair:4: 711 daAuts
     D:2: 692 daAuts
     D:5: 640 daAuts
     D:7: 608 daAuts
  Lair:5: 182 daAuts
  Temple: 100 daAuts
Spider:1: 1 daAuts
